TOP OF THE 1ST |
Glendale Herons batting - Pitching for Atlantic City Sonics : RHP Riley Breckenridge
|
Pitching: RHP Riley Breckenridge
|
|
Batting: RHB José Masaferro
|
0-0: Called Strike 0-1: Ball 1-1: Ball 2-1: Foul Ball, location: 2F 2-2: Foul Ball, location: 2F 2-2: Strikes out swinging
|
Batting: RHB Cristián Lima
|
0-0: Foul Ball, location: 2F 0-1: Ball 1-1: Ball 2-1: Called Strike 2-2: Strikes out swinging
|
Batting: RHB Rubén Campos
|
0-0: Ball 1-0: Foul Ball, location: 2F 1-1: Foul Ball, location: 2F 1-2: Ball 2-2: SINGLE (Line Drive, 6D)
|
Batting: LHB Esteban Trujillo
|
0-0: Foul Ball, location: 2F 0-1: Ball 1-1: Ball 2-1: Ball 3-1: 2-RUN HOME RUN (Flyball, 9LD), Distance : 331 ft
|
Batting: RHB Lúcio Sánchez
|
0-0: Ball 1-0: Fly out, F4 (Line Drive, 4M)
|
Top of the 1st over - 2 run(s), 2 hit(s), 0 error(s), 0 left on base; Glendale 2 - Atlantic City 0 |
BOTTOM OF THE 1ST |
Atlantic City Sonics batting - Pitching for Glendale Herons : RHP Mike Barrett
|
Pitching: RHP Mike Barrett
|
|
Batting: RHB Arturo Maldonado
|
0-0: Foul Ball, location: 2F 0-1: Ball 1-1: Ground out 6-3 (Groundball, 6)
|
Batting: LHB José Cordero
|
0-0: Ball 1-0: Ground out 5-3 (Groundball, 56)
|
Batting: RHB John Schnatter
|
0-0: Fly out, F8 (Flyball, 8LD)
|
Bottom of the 1st over - 0 run(s), 0 hit(s), 0 error(s), 0 left on base; Glendale 2 - Atlantic City 0 |
TOP OF THE 2ND |
Glendale Herons batting - Pitching for Atlantic City Sonics : RHP Riley Breckenridge
|
Batting: RHB Ronald Drumpf
|
0-0: Ball 1-0: Ball 2-0: Ball 3-0: Base on Balls
|
Batting: SHB Tom Oglander
|
0-0: DOUBLE (Line Drive, 56D) Ronald Drumpf to third
|
Batting: RHB Jordan Hollins
|
0-0: Ball 1-0: Fly out, F4 (Popup, 4M)
|
Batting: RHB Luis Trevino
|
0-0: Called Strike 0-1: Ball 1-1: Ball 2-1: Ball 3-1: Foul Ball, location: 2F 3-2: Foul Ball, location: 2F 3-2: Foul Ball, location: 2F 3-2: Fly out, F4 (Line Drive, 4)
|
Batting: RHB José Masaferro
|
0-0: Foul Ball, location: 2F 0-1: Ball 1-1: Foul Ball, location: 2F 1-2: Foul Ball, location: 2F 1-2: Foul Ball, location: 2F 1-2: Foul Ball, location: 2F 1-2: Ground out 6-3 (Groundball, 6M)
|
Top of the 2nd over - 0 run(s), 1 hit(s), 0 error(s), 2 left on base; Glendale 2 - Atlantic City 0 |
BOTTOM OF THE 2ND |
Atlantic City Sonics batting - Pitching for Glendale Herons : RHP Mike Barrett
|
Batting: RHB Arturo Rochel
|
0-0: Ball 1-0: Called Strike 1-1: Ball 2-1: Called Strike 2-2: Ball 3-2: Ground out 5-3 (Groundball, 56)
|
Batting: RHB Xavier Águila
|
0-0: Fly out, F9 (Flyball, 9M)
|
Batting: LHB Salvador Avilés
|
0-0: Ball 1-0: Called Strike 1-1: Called Strike 1-2: Ball 2-2: Ball 3-2: Ground out 1-3 (Groundball, 15S)
|
Bottom of the 2nd over - 0 run(s), 0 hit(s), 0 error(s), 0 left on base; Glendale 2 - Atlantic City 0 |
TOP OF THE 3RD |
Glendale Herons batting - Pitching for Atlantic City Sonics : RHP Riley Breckenridge
|
Batting: RHB Cristián Lima
|
0-0: Ball 1-0: Foul Ball, location: 2F 1-1: Called Strike 1-2: Foul Ball, location: 2F 1-2: Ball 2-2: Strikes out swinging
|
Batting: RHB Rubén Campos
|
0-0: Ball 1-0: Ball 2-0: Ball 3-0: Base on Balls
|
Batting: LHB Esteban Trujillo
|
0-0: Foul Ball, location: 2F 0-1: Called Strike Rubén Campos steals 2nd base 0-2: Foul Ball, location: 2F 0-2: Fly out, F7 (Flyball, 78M)
|
Batting: RHB Lúcio Sánchez
|
0-0: Called Strike 0-1: Ball 1-1: Called Strike 1-2: Strikes out swinging
|
Top of the 3rd over - 0 run(s), 0 hit(s), 0 error(s), 1 left on base; Glendale 2 - Atlantic City 0 |
BOTTOM OF THE 3RD |
Atlantic City Sonics batting - Pitching for Glendale Herons : RHP Mike Barrett
|
Batting: RHB Brady Bess
|
0-0: Ground out 5-3 (Groundball, 15S)
|
Batting: SHB David Snyder
|
0-0: Ground out 6-3 (Groundball, 6M)
|
Batting: RHB Bob Ethridge
|
0-0: Foul Ball, location: 2F 0-1: Called Strike 0-2: Ball 1-2: Ball 2-2: Strikes out swinging
|
Bottom of the 3rd over - 0 run(s), 0 hit(s), 0 error(s), 0 left on base; Glendale 2 - Atlantic City 0 |
TOP OF THE 4TH |
Glendale Herons batting - Pitching for Atlantic City Sonics : RHP Riley Breckenridge
|
Batting: RHB Ronald Drumpf
|
0-0: Called Strike 0-1: Ball 1-1: SINGLE (Groundball, 6MD)
|
Batting: SHB Tom Oglander
|
0-0: Ball 1-0: Ball 2-0: Fly out, F8 (Flyball, 8LS)
|
Batting: RHB Jordan Hollins
|
0-0: Foul Ball, location: 2F 0-1: Ball 1-1: Foul Ball, location: 2F 1-2: SINGLE (Groundball, 25) (infield hit) Ronald Drumpf to second
|
Batting: RHB Luis Trevino
|
0-0: SINGLE (Groundball, 13) (infield hit) Ronald Drumpf to third Jordan Hollins to second
|
Batting: RHB José Masaferro
|
0-0: Called Strike 0-1: Fly out, F7 (Flyball, 7M) Runner from 3rd tags up, SCORES, throw made
|
Batting: RHB Cristián Lima
|
0-0: Swinging Strike 0-1: Foul Ball, location: 2F 0-2: Ball 1-2: Ball 2-2: Ball 3-2: Foul Ball, location: 2F 3-2: Ground out 5-3 (Groundball, 5L)
|
Top of the 4th over - 1 run(s), 3 hit(s), 0 error(s), 2 left on base; Glendale 3 - Atlantic City 0 |
BOTTOM OF THE 4TH |
Atlantic City Sonics batting - Pitching for Glendale Herons : RHP Mike Barrett
|
Batting: RHB Arturo Maldonado
|
0-0: Called Strike 0-1: Ball 1-1: Ground out 4-3 (Groundball, 4)
|
Batting: LHB José Cordero
|
0-0: Called Strike 0-1: Called Strike 0-2: Foul Ball, location: 2F 0-2: Ball 1-2: Strikes out swinging
|
Batting: RHB John Schnatter
|
0-0: Called Strike 0-1: DOUBLE (Groundball, 5L)
|
Batting: RHB Arturo Rochel
|
0-0: Called Strike 0-1: Ball 1-1: Ground out 5-3 (Groundball, 5S)
|
Bottom of the 4th over - 0 run(s), 1 hit(s), 0 error(s), 1 left on base; Glendale 3 - Atlantic City 0 |
TOP OF THE 5TH |
Glendale Herons batting - Pitching for Atlantic City Sonics : RHP Riley Breckenridge
|
Batting: RHB Rubén Campos
|
0-0: Ground out 6-3 (Groundball, 6M)
|
Batting: LHB Esteban Trujillo
|
0-0: Called Strike 0-1: SINGLE (Line Drive, 7S)
|
Pitching: RHP Tony Newell
|
|
Batting: RHB Lúcio Sánchez
|
0-0: Ball 1-0: Foul Ball, location: 2F 1-1: Ball 2-1: Grounds into double play, 6-4-3 (Groundball, 6)
|
Top of the 5th over - 0 run(s), 1 hit(s), 0 error(s), 0 left on base; Glendale 3 - Atlantic City 0 |
BOTTOM OF THE 5TH |
Atlantic City Sonics batting - Pitching for Glendale Herons : RHP Mike Barrett
|
Batting: RHB Xavier Águila
|
0-0: Called Strike 0-1: Ball 1-1: SINGLE (Groundball, 6M)
|
Batting: LHB Salvador Avilés
|
0-0: Called Strike 0-1: Foul Ball, location: 2F 0-2: Fly out, F9 (Flyball, 89M)
|
Batting: RHB Brady Bess
|
0-0: Called Strike 0-1: Ball 1-1: Called Strike 1-2: Ball 2-2: Foul Ball, location: 2F 2-2: Fly out, F8 (Flyball, 78D)
|
Batting: SHB David Snyder
|
0-0: Called Strike 0-1: Ball 1-1: SINGLE (Flyball, 8LS) Xavier Águila to second Runner from 2nd tries for 3rd, SAFE, throw made to third
|
Batting: RHB Bob Ethridge
|
0-0: Called Strike 0-1: Ball 1-1: Ball 2-1: Ball 3-1: Foul Ball, location: 2F 3-2: Ground out 5-3 (Groundball, 56)
|
Bottom of the 5th over - 0 run(s), 2 hit(s), 0 error(s), 2 left on base; Glendale 3 - Atlantic City 0 |
TOP OF THE 6TH |
Glendale Herons batting - Pitching for Atlantic City Sonics : RHP Tony Newell
|
Batting: RHB Ronald Drumpf
|
0-0: Foul Ball, location: 2F 0-1: Ball 1-1: Called Strike 1-2: Strikes out looking
|
Batting: SHB Tom Oglander
|
0-0: Called Strike 0-1: Called Strike 0-2: Strikes out looking
|
Batting: RHB Jordan Hollins
|
0-0: Foul Ball, location: 2F 0-1: Fly out, F4 (Line Drive, 4)
|
Top of the 6th over - 0 run(s), 0 hit(s), 0 error(s), 0 left on base; Glendale 3 - Atlantic City 0 |
BOTTOM OF THE 6TH |
Atlantic City Sonics batting - Pitching for Glendale Herons : RHP Mike Barrett
|
Batting: RHB Arturo Maldonado
|
0-0: Called Strike 0-1: Swinging Strike 0-2: Ball 1-2: Ball 2-2: Ground out 4-3 (Groundball, 4M)
|
Batting: LHB José Cordero
|
0-0: Swinging Strike 0-1: Foul Ball, location: 2F 0-2: Strikes out swinging
|
Batting: RHB John Schnatter
|
0-0: Ball 1-0: Called Strike 1-1: Swinging Strike 1-2: Ball 2-2: Ball 3-2: Base on Balls
|
Batting: RHB Arturo Rochel
|
0-0: Ball 1-0: Ball 2-0: Ball 3-0: Base on Balls John Schnatter to second
|
Batting: RHB Xavier Águila
|
0-0: Ball 1-0: Ball 2-0: Ball 3-0: Called Strike 3-1: Reached on error, E5 (Groundball, 56S) John Schnatter to third Arturo Rochel to second
|
Batting: LHB Salvador Avilés
|
0-0: Ball 1-0: Called Strike 1-1: Ball 2-1: Fly out, F8 (Flyball, 8LM)
|
Bottom of the 6th over - 0 run(s), 0 hit(s), 1 error(s), 3 left on base; Glendale 3 - Atlantic City 0 |
TOP OF THE 7TH |
Glendale Herons batting - Pitching for Atlantic City Sonics : RHP Tony Newell
|
Batting: RHB Luis Trevino
|
0-0: Foul Ball, location: 2F 0-1: Fly out, F7 (Flyball, 7S)
|
Batting: RHB José Masaferro
|
0-0: Foul Ball, location: 2F 0-1: Ball 1-1: Ball 2-1: Ball 3-1: Called Strike 3-2: Fly out, F8 (Line Drive, 8RS)
|
Batting: RHB Cristián Lima
|
0-0: SINGLE (Groundball, 56D)
|
Batting: RHB Rubén Campos
|
0-0: Ball 1-0: Swinging Strike 1-1: Called Strike 1-2: SINGLE (Line Drive, 6D) Cristián Lima to second
|
Batting: LHB Esteban Trujillo
|
0-0: Ball Cristián Lima steals 3rd base Rubén Campos to second 1-0: Called Strike 1-1: Ball 2-1: Ball 3-1: Foul Ball, location: 2F 3-2: SINGLE (Groundball, 3L) Cristián Lima scores Rubén Campos to third Rubén Campos scores
|
Batting: RHB Lúcio Sánchez
|
0-0: Ball 1-0: Swinging Strike 1-1: Ball 2-1: Ball 3-1: Base on Balls Esteban Trujillo to second
|
Batting: RHB Ronald Drumpf
|
0-0: Ball 1-0: Foul Ball, location: 2F 1-1: Ball 2-1: Foul Ball, location: 2F 2-2: Foul Ball, location: 2F 2-2: Strikes out swinging
|
Top of the 7th over - 2 run(s), 3 hit(s), 0 error(s), 2 left on base; Glendale 5 - Atlantic City 0 |
BOTTOM OF THE 7TH |
Atlantic City Sonics batting - Pitching for Glendale Herons : RHP Mike Barrett
|
Batting: RHB Brady Bess
|
0-0: Called Strike 0-1: Called Strike 0-2: Ball 1-2: Ball 2-2: Ball 3-2: DOUBLE (Line Drive, 9LS)
|
Batting: SHB David Snyder
|
0-0: Called Strike 0-1: SINGLE (Groundball, 56D) Brady Bess to third
|
Batting: RHB Bob Ethridge
|
0-0: Called Strike David Snyder steals 2nd base 0-1: Ball 1-1: Ball 2-1: Ball 3-1: Ground out 4-3 (Groundball, 4) Brady Bess scores David Snyder to third
|
Pitching: RHP Guang Wen
|
|
Batting: RHB Arturo Maldonado
|
0-0: Ground out 5-3 (Groundball, 56) David Snyder scores
|
Batting: LHB José Cordero
|
0-0: Called Strike 0-1: Ball 1-1: Ball 2-1: Bunt missed! 2-2: Ball 3-2: SINGLE (Line Drive, 9LS)
|
Batting: RHB John Schnatter
|
0-0: Ball 1-0: Called Strike José Cordero steals 2nd base 1-1: Called Strike 1-2: Ground out 3-1 (Groundball, 34)
|
Bottom of the 7th over - 2 run(s), 3 hit(s), 0 error(s), 1 left on base; Glendale 5 - Atlantic City 2 |
TOP OF THE 8TH |
Glendale Herons batting - Pitching for Atlantic City Sonics : RHP Tony Newell
|
Pitching: LHP David Sherratt
|
|
Batting: SHB Tom Oglander
|
0-0: Ball 1-0: Ball 2-0: Swinging Strike 2-1: Ball 3-1: Base on Balls
|
Batting: RHB Jordan Hollins
|
0-0: Sac Bunt - play at first, batter OUT! 1-4 Tom Oglander to second
|
Batting: RHB Luis Trevino
|
0-0: Called Strike Tom Oglander is caught stealing 3rd base 0-1: Swinging Strike 0-2: Ball 1-2: Foul Ball, location: 2F 1-2: Foul Ball, location: 2F 1-2: DOUBLE (Line Drive, 3D)
|
Batting: RHB José Masaferro
|
0-0: Ball 1-0: Foul Ball, location: 2F 1-1: Ball 2-1: Swinging Strike 2-2: SINGLE (Line Drive, 4D) Luis Trevino to third Runner from 3rd tries for Home, SAFE, no throw or cutoff
|
Batting: RHB Cristián Lima
|
0-0: Foul Ball, location: 2F 0-1: Ball 1-1: Ball 2-1: Called Strike 2-2: Foul Ball, location: 2F 2-2: Strikes out swinging
|
Top of the 8th over - 1 run(s), 2 hit(s), 0 error(s), 1 left on base; Glendale 6 - Atlantic City 2 |
BOTTOM OF THE 8TH |
Atlantic City Sonics batting - Pitching for Glendale Herons : RHP Guang Wen
|
Batting: RHB Arturo Rochel
|
0-0: Called Strike 0-1: SINGLE (Line Drive, 8LS)
|
Batting: RHB Xavier Águila
|
0-0: Ball 1-0: Called Strike 1-1: Ball 2-1: Ball 3-1: Foul Ball, location: 2F 3-2: Foul Ball, location: 2F 3-2: Foul Ball, location: 2F 3-2: Strikes out looking Arturo Rochel steals 2nd base Batter strikes out.
|
Batting: LHB Salvador Avilés
|
0-0: Foul Ball, location: 2F 0-1: Foul Ball, location: 2F 0-2: Ball 1-2: Foul Ball, location: 2F 1-2: SINGLE (Groundball, 3) Arturo Rochel to third
|
Batting: RHB Brady Bess
|
0-0: Ball 1-0: Fly out, F9 (Flyball, 89XD) Runner from 3rd tags up, SCORES, no throw
|
Batting: SHB David Snyder
|
0-0: 2-RUN HOME RUN (Flyball, 9D), Distance : 368 ft
|
Pitching: LHP Doug Robinson
|
|
Batting: RHB Bob Ethridge
|
0-0: Called Strike 0-1: Ball 1-1: Ball 2-1: Called Strike 2-2: Ground out 4-3 (Groundball, 4)
|
Bottom of the 8th over - 3 run(s), 3 hit(s), 0 error(s), 0 left on base; Glendale 6 - Atlantic City 5 |
TOP OF THE 9TH |
Glendale Herons batting - Pitching for Atlantic City Sonics : LHP David Sherratt
|
Pitching: RHP Jim Unknown
|
|
Batting: RHB Rubén Campos
|
0-0: Fly out, F7 (Flyball, 78M)
|
Batting: LHB Esteban Trujillo
|
0-0: Ball 1-0: Swinging Strike 1-1: SINGLE (Line Drive, 7S)
|
Batting: RHB Lúcio Sánchez
|
0-0: Called Strike 0-1: Called Strike 0-2: Foul Ball, location: 2F 0-2: Strikes out looking
|
Pinch Hitting: RHB Héctor Moreno
|
0-0: Swinging Strike 0-1: Foul Ball, location: 2F 0-2: Strikes out swinging
|
Top of the 9th over - 0 run(s), 1 hit(s), 0 error(s), 1 left on base; Glendale 6 - Atlantic City 5 |
TOP OF THE 10TH |
Glendale Herons batting - Pitching for Atlantic City Sonics : RHP Jim Unknown
|
Now at 2B: Marty Hayden
|
|
Now in CF: Jim Unknown
|
|
Pinch Hitting: LHB José Rodríguez
|
0-0: Called Strike 0-1: Swinging Strike 0-2: Ball 1-2: Ball 2-2: Ground out 6-3 (Groundball, 6)
|
Pinch Hitting: LHB Héctor Rivera
|
0-0: Swinging Strike 0-1: Swinging Strike 0-2: Ball 1-2: Foul Ball, location: 2F 1-2: Ball 2-2: Foul Ball, location: 2F 2-2: Ball 3-2: Ground out 4-3 (Groundball, 34)
|
Pinch Hitting: RHB Jim Unknown
|
0-0: Ball 1-0: Swinging Strike 1-1: Ground out 4-3 (Groundball, 4)
|
Top of the 10th over - 0 run(s), 0 hit(s), 0 error(s), 0 left on base; Glendale 6 - Atlantic City 6 |
BOTTOM OF THE 10TH |
Atlantic City Sonics batting - Pitching for Glendale Herons : LHP Sergio Hernández
|
Now at 2B: Jim Unknown
|
|
Now at 3B: Jim Unknown
|
|
Now at SS: Héctor Rivera
|
|
Pinch Hitting: RHB John Terry
|
0-0: Ball 1-0: Ball 2-0: Called Strike 2-1: Foul Ball, location: 2F 2-2: Ball 3-2: Strikes out swinging
|
Pinch Hitting: RHB Edgar Stephenson
|
0-0: Ground out 5-3 (Groundball, 56)
|
Batting: RHB Marty Hayden
|
0-0: Ball 1-0: Ball 2-0: Called Strike 2-1: Foul Ball, location: 2F 2-2: Ball 3-2: Base on Balls
|
Batting: LHB José Cordero
|
0-0: Called Strike 0-1: Ball 1-1: SINGLE (Line Drive, 4) Marty Hayden to second
|
Batting: RHB John Schnatter
|
0-0: SINGLE (Groundball, 15S) (infield hit) Marty Hayden to third José Cordero to second
|
Batting: RHB Arturo Rochel
|
0-0: Called Strike 0-1: Ball 1-1: Ground out 6-3 (Groundball, 6)
|
Bottom of the 10th over - 0 run(s), 2 hit(s), 0 error(s), 3 left on base; Glendale 6 - Atlantic City 6 |
TOP OF THE 11TH |
Glendale Herons batting - Pitching for Atlantic City Sonics : RHP Jim Unknown
|
Pitching: LHP Ted Wright
|
|
Now in LF: Kip Burks
|
|
Now in RF: Dale Parkinson
|
|
Batting: RHB José Masaferro
|
0-0: Foul Ball, location: 2F 0-1: Ball 1-1: Ground out U3 (Groundball, 3S)
|
Batting: RHB Cristián Lima
|
0-0: Ball 1-0: Ground out 6-3 (Groundball, 6M)
|
Batting: RHB Rubén Campos
|
0-0: Ball 1-0: Ball 2-0: Ground out 5-3 (Groundball, 56)
|
Top of the 11th over - 0 run(s), 0 hit(s), 0 error(s), 0 left on base; Glendale 6 - Atlantic City 6 |
BOTTOM OF THE 11TH |
Atlantic City Sonics batting - Pitching for Glendale Herons : LHP Sergio Hernández
|
Pitching: LHP Carlos Vargas
|
|
Batting: RHB Xavier Águila
|
0-0: Called Strike 0-1: Ball 1-1: Swinging Strike 1-2: Strikes out swinging
|
Batting: LHB Jim Unknown
|
0-0: Ball 1-0: Ball 2-0: SINGLE (Groundball, 6MD) (infield hit)
|
Batting: RHB Brady Bess
|
0-0: Ball 1-0: SINGLE (Groundball, 56) Jim Unknown to second
|
Batting: LHB Kip Burks
|
0-0: Foul Ball, location: 2F 0-1: Ball 1-1: Ball Jim Unknown steals 3rd base Brady Bess to second 2-1: Intentional Walk
|
Batting: LHB Dale Parkinson
|
0-0: Called Strike 0-1: Swinging Strike 0-2: Fly out, F8 (Flyball, 8LM) Runner from 3rd tags up, SCORES, no throw
|
|